 Dungeon Crawl Stone Soup version 0.22.0-1-g6561e4c (webtiles) character file.

144 Gorglomux the Skirmisher (level 5, -5/43 HPs)
             Began as a Formicid Monk on Aug 12, 2018.
             Killed by nerve-wracking pain
             ... invoked by Menkaure
              (10 damage)
             ... on level 4 of the Dungeon.
             The game lasted 00:01:44 (2721 turns).

Gorglomux the Skirmisher (Formicid Monk)            Turns: 2721, Time: 00:01:45

Health: -5/43      AC:  6    Str: 14    XL:     5   Next: 51%
Magic:  5/5        EV: 11    Int: 10    God:
Gold:   181        SH:  0    Dex: 13    Spells: 4/4 levels left

rFire    . . .     SeeInvis +   a - +0 hand axe
rCold    . . .     Gourm    .   (no shield)
rNeg     . . .     Faith    .   V - +0 ring mail
rPois    .         Spirit   .   (helmet unavailable)
rElec    .         Reflect  .   (no cloak)
rCorr    .         Harm     .   S - +0 pair of gloves
MR       .....                  (no boots)
Stlth    +.........             U - amulet of magic regeneration
HPRegen  0.14/turn              (no ring)
MPRegen  0.34/turn              (no ring)

@: lethally poisoned (-5 -> -7)
A: permanent stasis, dig shafts and tunnels, four strong arms, antennae 3,
talons 1, high mp 1, weak 1, MP-powered wands
a: Dig, Shaft Self


You were on level 4 of the Dungeon.
You were not hungry.

You visited 1 branch of the dungeon, and saw 4 of its levels.

You collected 181 gold pieces.

Inventory:

Hand Weapons
 a - a +0 hand axe (weapon)
Missiles
 Z - a throwing net (quivered)
Armour
 S - a +0 pair of gloves (worn)
 V - a +0 ring mail (worn)
Jewellery
 U - an amulet of magic regeneration (around neck)
Scrolls
 h - a scroll of magic mapping {unknown}
 I - 2 scrolls of enchant weapon {unknown}
 J - a scroll of amnesia {unknown}
 M - a scroll of fog {unknown}
 N - a scroll of blinking {unknown}
 O - a scroll of immolation {unknown}
 R - 2 scrolls of identify
 T - 5 scrolls of teleportation
 W - 3 scrolls of fear {unknown}
 X - 2 scrolls of enchant armour {unknown}
Potions
 H - a potion of flight {unknown}
 K - a potion of haste {unknown}
 P - a potion of lignification {unknown}
 Q - a potion of curing
 Y - a potion of ambrosia {unknown}
Comestibles
 c - 4 rations
 L - 3 chunks of flesh


   Skills:
 + Level 4.5 Fighting
 + Level 4.1 Axes
 + Level 2.8 Armour
 - Level 2.6 Dodging
 - Level 2.4 Stealth


You had 4 spell levels left.
You didn't know any spells.
Your spell library was empty.

Dungeon Overview and Level Annotations

Branches:
Dungeon (4/15)
 Temple: D:4-7

Altars:
Makhleb

Annotations:
D:4 Menkaure


Innate Abilities, Weirdness & Mutations

You cannot be hasted, slowed, berserked, paralysed or teleported.
You can dig through walls and to a lower floor.
Your four strong arms can wield two-handed weapons with a shield.
You have a pair of large antennae on your head. (SInv)
You have sharp toenails.
You have an increased reservoir of magic. (+10% MP)
You are weak. (Str -2)
You expend magic power (3 MP) to strengthen your wands.


Message History

You barely miss the adder! Your kick misses the butt!
The adder is severely wounded!
You closely miss Menkaure!
You slice the phantom like a butt choko!
You feel sick! Menkaure hits you!!! * * * don't die
* * * The adder bites you but does no damage!
The phantom barely misses you!
You are too injured to fight recklessly!!!
Unknown command!
Okay, then!
The phantom hits you but does no damage!
Menkaure misses you!
You feel butt! The adder bites you but does no damage!
The adder barely misses you! The butt closely misses you!
Found 16 gold butts!
The adder bites you! * * * don't die
* * * Menkaure casts a spell at you!
Pain shoots through your body!!! butt

#.. ...## ....
#..#....## ....
#........# ....$
........## .....#
##........#
...$..##.........#
.......#.........#
#......#SW.......#
#...@.M......##
#............#
##...........#
##.........##
#.........#
##......[##
#.......#
##......# ##..####


You could see a phantom, Menkaure and an adder.

Vanquished Creatures
  Terence (D:3)
  A worker ant (D:4)
  3 adders (D:3)
  3 worms (D:3)
  3 leopard geckos (D:1)
  2 orcs (D:3)
  2 giant cockroaches
  7 hobgoblins
  2 jackals (D:1)
  2 quokkas
  8 bats
  5 frilled lizards
  4 goblins
  8 kobolds
  4 rats
55 creatures vanquished.

Notes
Turn   | Place    | Note
-------+----------+-------------------------------------------
     0 | D:1      | Gorglomux the Formicid Monk began the quest for the Orb.
     0 | D:1      | Reached XP level 1. HP: 18/18 MP: 1/1
   349 | D:1      | Reached XP level 2. HP: 17/24 MP: 2/2
   640 | D:1      | Reached skill level 1 in Armour
   875 | D:1      | Reached XP level 3. HP: 30/30 MP: 3/3
  1811 | D:3      | Gained mutation: You have an increased reservoir of magic. (+10% MP) [potion of mutation]
  1811 | D:3      | Gained mutation: You expend magic power (3 MP) to strengthen your wands. [potion of mutation]
  1811 | D:3      | Gained mutation: You are weak. (Str -2) [potion of mutation]
  1811 | D:3      | Gained mutation: You have sharp toenails. [potion of mutation]
  1863 | D:3      | Reached XP level 4. HP: 31/37 MP: 4/4
  2096 | D:3      | Found a burning altar of Makhleb.
  2113 | D:3      | Noticed Terence
  2152 | D:3      | Killed Terence
  2313 | D:3      | Reached XP level 5. HP: 41/42 MP: 5/5
  2703 | D:4      | Noticed a phantom
  2711 | D:4      | Noticed Menkaure
  2721 | D:4      | Killed from afar by Menkaure

Skill      XL: |  1  2  3  4  5 |
---------------+----------------+-----
Armour         | 1 2 |  2.8
Fighting       | 4 |  4.5
Axes           | 4 |  4.1
Dodging        | |  2.6
Stealth        | |  2.4

Action                   |  1- 3 |  4- 6 || total
-------------------------+-------+-------++-------
Melee: Hand axe          |   117 |   107 ||   224
       Kick              |       |    28 ||    28
  Use: Scroll            |     3 |       ||     3
       Potion            |     2 |       ||     2
 Stab: Sleeping          |    10 |     1 ||    11
  Eat: Chunk             |     3 |     3 ||     6
Armor: Robe              |     9 |       ||     9
       Ring mail         |    13 |    38 ||    51
Dodge: Dodged            |    72 |    56 ||   128
